 Dungeon Crawl Stone Soup version 0.31.0 (webtiles) character file.

Game seed: 9808711522966416829

1771 monsoonserge the Grappler (level 8, -3/70 HPs)
             Began as a Troll Shapeshifter on Jan 19, 2024.
             Was an Initiate of Wu Jian.
             Slain by an ogre
             ... wielding a +0 giant spiked club
              (23 damage)
             ... on level 5 of the Dungeon.
             The game lasted 00:09:24 (4160 turns).

monsoonserge the Grappler (Troll Shapeshifter)      Turns: 4160, Time: 00:09:24

Health: -3/70      AC:  9    Str: 25    XL:     8   Next: 80%
Magic:  7/7        EV: 10    Int:  6    God:    Wu Jian [......]
Gold:   223        SH:  0    Dex: 15    Spells: 7/7 levels left

rFire   . .          .
                       - Unarmed
rCold   . . .        (no shield)
rNeg    . . .        B - +0 swamp dragon scales
rPois   +            (helmet currently unavailable)
rElec   .            (cloak currently unavailable)
rCorr   .            (gloves unavailable)
SInv    +            (boots unavailable)
Will    .....        (no amulet)
Stlth   +            e - ring of see invisible
HPRegen 1.11/turn    f - +6 ring of dexterity
MPRegen 0.10/turn

%: no passive effects
@: beast-form
A: beast (slay +2), large, unfitting armour, claws 3, regeneration 1, shaggy fur
1, tough skin 1
a: Begin Untransformation, Renounce Religion


You were on level 5 of the Dungeon.
You worshipped Wu Jian.
Wu Jian was noncommittal.
You were a hulking beast.
You visited 2 branches of the dungeon, and saw 7 of its levels.

You collected 223 gold pieces.

Inventory:

Armour
 B - +0 swamp dragon scales (worn)
Jewellery
 e - a ring of see invisible (left claw)
 f - a +6 ring of dexterity (right claw)
 h - a ring of fire
Talismans
 c - a beast talisman
 d - a flux talisman
Wands
 n - a wand of flame (24)
 A - a wand of mindburst (15)
Scrolls
 i - 2 scrolls of enchant armour
 l - 3 scrolls of brand weapon
 o - 3 scrolls of identify
 t - a scroll of fog {unknown}
 v - a scroll of teleportation {unknown}
 w - a scroll of acquirement {unknown}
 x - a scroll of poison {unknown}
 y - a scroll of fear {unknown}
Potions
 b - a potion of lignification
 k - a potion of mutation {unknown}
 q - a potion of ambrosia {unknown}
 u - a potion of resistance
 z - a potion of curing {unknown}


   Skills:
 + Level 1.4 Fighting
 * Level 0.8 Armour
 + Level 3.2 Dodging
 * Level 10.4 Unarmed Combat
 * Level 4.4 Shapeshifting


You had 7 spell levels left.
You didn't know any spells.
Your spell library contained the following spells:

 Spells                   Type           Power      Damage    Failure   Level
 Freeze                   Ice            0%         1d3       58%         1
 Blink                    Tloc           0%         N/A       75%         2
 Lesser Beckoning         Tloc           0%         N/A       75%         2
 Mercury Vapours          Alch/Air       0%         N/A       75%         2
 Momentum Strike          Conj/Tloc      0%         3d8       75%         2
 Dazzling Flash           Conj/Hex       0%         N/A       92%         3
 Frozen Ramparts          Ice            0%         1d1       92%         3
 Hailstorm                Conj/Ice       0%         3d5       92%         3
 Mephitic Cloud           Conj/Alch/Air  0%         N/A       92%         3
 Volatile Blastmotes      Fire/Tloc      0%         2d10      92%         3
 Freezing Cloud           Conj/Ice/Air   0%         6-21      100%        5
 Starburst                Conj/Fire      0%         6d3       100%        6
 Maxwell's Capacitive Co  Air            0%         ∞         100%        8


Dungeon Overview and Level Annotations

Branches:
Dungeon (6/15)             Temple (1/1) D:4

Altars:
Ashenzari
Cheibriados
Dithmenos
Elyvilon
Fedhas
Gozag
Hepliaklqana
Kikubaaqudgha
Makhleb
Nemelex Xobeh
Okawaru
Qazlal
Ru
Sif Muna
Trog
Uskayaw
Vehumet
Wu Jian
Yredelemnul
Zin
The Shining One

Annotations:
D:4 1 runed translucent door, Crazy Yiuf
D:6 Pikel


Innate Abilities, Weirdness & Mutations

You are a hulking beast.
Your limbs bulge with bestial killing power. (Slay +2)
You are too large for most types of armour.
You have claws for hands.
Your natural rate of healing is unusually fast.
You are covered in fur. (AC +1)
You have tough skin. (AC +1)


Message History

Unknown command.
As you read the scroll labelled VOXZIO NOAG, it crumbles to dust.
It is a scroll of brand weapon.
The +0 short sword drips with poison. a +0 short sword of venom The ogre completely misses you.
The black bear bites you but does no damage.
The black bear claws you but does no damage.
The black bear barely misses you.
As you read the scroll labelled CYLACU XAOXAUN, it crumbles to dust.
It is a scroll of identify.
i - 2 scrolls of enchant armour The bombardier beetle sprays incendiary fluid at you.
The burning spray misses you.
The black bear bites you but does no damage.
The black bear claws you but does no damage. x2
As you read the scroll labelled WEDWYD WOXUNE, it crumbles to dust.
The creatures around you are filled with an inner flame!
It was a scroll of immolation.
The ogre hits you with a +0 giant spiked club.
The black bear bites you but does no damage.
The black bear claws you but does no damage.
The black bear closely misses you.
As you read the scroll labelled FEKHLI YSOG, it crumbles to dust.
You hear a loud clanging noise!
It was a scroll of noise.
The bombardier beetle bites you.
The ogre hits you with a +0 giant spiked club!
* * * LOW HITPOINT WARNING * * *
The black bear bites you but does no damage.
The black bear barely misses you. x2
As you read the scroll labelled FUBBATIUSE, it crumbles to dust.
You feel aware of your surroundings.
It was a scroll of revelation.
The black bear completely misses you. The black bear closely misses you.
The black bear claws you but does no damage.
The bombardier beetle bites you.
* * * LOW HITPOINT WARNING * * *
As you read the scroll labelled UTTYXZ MOEFIF, it crumbles to dust.
Wisps of shadow whirl around you...
It was a scroll of summoning.
The ogre hits you with a +0 giant spiked club!!
You die...

..###....#..####..##.#...........
...##.......#####........#.......
.............#####.......#.......
....####..##..####.#........###..
##..# #..###...##.#.......## ##.
#...## #..###......##.....## ##.
.###.###..####r...[##....## ##..
.# ##.....#####B.........## ##..#
## ##.........hhOS.......###..##
# #............>............# #
##........................### ##
#..##....................####
.####..###...........>........#..
.......# ##......................
###....# ##...................###
#.#..####........##..........##
#.##..####.###..####......##..#


You could see a black bear (inner flame), an ogre (inner flame, ally target), a
bombardier beetle (inner flame, ally target), a friendly adder (summoned) and a
friendly quokka (summoned).

Vanquished Creatures
  Maggie (D:5)
  Grinder (D:5)
  Sigmund (D:4)
  Eustachio (D:4)
  Menkaure (D:5)
  A phantom (D:5)
  A lemure (D:5)
  3 scorpions (D:5)
  A bombardier beetle (D:5)
  5 orc priests
  A sleepcap (D:4)
  A hound (D:5)
  Jessica (D:2)
  2 iguanas
  Terence (D:2)
  3 orc wizards
  Natasha (thrice) (D:2)
  4 adders
  2 ufetubi (D:4)
  2 dart slugs (D:2)
  A ribbon worm (D:4)
  15 orcs
  9 ball pythons
  3 bats
  7 endoplasms
  4 giant cockroaches
  7 goblins
  7 hobgoblins
  3 jackals (D:3)
  3 frilled lizards
  4 kobolds
  5 rats
104 creatures vanquished.

Notes
Turn   | Place    | Note
-------+----------+-------------------------------------------
     0 | D:1      | monsoonserge the Troll Shapeshifter began the quest for the
                  | Orb.
     0 | D:1      | Reached XP level 1. HP: 18/18 MP: 0/0
   209 | D:1      | Reached XP level 2. HP: 26/26 MP: 1/1
   461 | D:2      | Noticed Natasha
   467 | D:2      | Killed Natasha
   468 | D:2      | Reached skill level 4 in Unarmed Combat
   468 | D:2      | Reached XP level 3. HP: 21/32 MP: 2/2
   610 | D:2      | Noticed Terence
   625 | D:2      | Killed Terence
   626 | D:2      | Reached skill level 5 in Unarmed Combat
   626 | D:2      | Reached XP level 4. HP: 27/40 MP: 3/3
   790 | D:2      | Noticed Natasha
   797 | D:2      | Killed Natasha
   825 | D:2      | Noticed Jessica
   828 | D:2      | Killed Jessica
   829 | D:2      | Reached XP level 5. HP: 38/46 MP: 4/4
  1064 | D:2      | Noticed Natasha
  1067 | D:2      | Killed Natasha
  1317 | D:3      | Reached skill level 6 in Unarmed Combat
  1976 | D:4      | Noticed Eustachio
  2070 | D:4      | Reached XP level 6. HP: 25/54 MP: 5/5
  2124 | D:4      | Noticed Sigmund
  2132 | D:4      | Killed Sigmund
  2133 | D:4      | Reached skill level 1 in Fighting
  2133 | D:4      | Reached skill level 7 in Unarmed Combat
  2186 | D:4      | Reached XP level 7. HP: 58/62 MP: 6/6
  2307 | D:4      | Found a staircase to the Ecumenical Temple.
  2319 | Temple   | Entered the Ecumenical Temple
  2350 | Temple   | Became a worshipper of the Wu Jian Council
  2415 | D:4      | Killed Eustachio
  2416 | D:4      | Reached skill level 8 in Unarmed Combat
  2737 | D:4      | Found a runed translucent door.
  2738 | D:4      | Noticed Crazy Yiuf
  2845 | D:5      | Entered Level 5 of the Dungeon
  3260 | D:5      | Reached XP level 8. HP: 59/70 MP: 7/7
  3314 | D:5      | Reached skill level 9 in Unarmed Combat
  4014 | D:6      | Noticed Maggie
  4014 | D:6      | Noticed Pikel
  4026 | D:5      | Killed Maggie
  4043 | D:6      | Noticed Menkaure
  4043 | D:6      | Noticed Grinder
  4048 | D:5      | Paralysed by Grinder for 4 turns
  4057 | D:5      | Paralysed by Grinder for 4 turns
  4062 | D:5      | HP: 2/70 [Grinder (4)]
  4067 | D:5      | HP: 3/105 [Grinder/nerve-wracking pain (2)]
  4068 | D:5      | Killed Grinder
  4069 | D:5      | Reached skill level 10 in Unarmed Combat
  4138 | D:5      | Killed Menkaure
  4160 | D:5      | Slain by an ogre

Illustrated notes

Levels and vault maps discovered:
D:1:      ebering_hopf_link, layout_rooms
D:2:      wander_river, layout_basic, eino_curves_04, minmay_pentomino_p2,
          uniq_terence, uniq_jessica, uniq_natasha
D:3:      layout_loops_ring, serial_aquarium, aquarium_bridge_square
          [aquarium_subvault_balcony, aquarium_subvault_window,
          aquarium_subvault_bridge, aquarium_subvault_wall],
          aquarium_window_corridor_3, aquarium_window_2, aquarium_view_2f,
          aquarium_balcony_1b
D:4:      layout_basic, minmay_temple_entry_proselytizer,
          uniq_crazy_yiuf_cottage, uniq_eustachio, uniq_sigmund
D:5:      layout_layer_cave, minivault_11, serial_library_hellmonk_hallway_a
D:6:      layout_basic, billiards_dpeg, uniq_pikel, uniq_menkaure, uniq_maggie,
          uniq_grinder
Temple:   kilobyte_greek_temple

Skill      XL: |  1  2  3  4  5  6  7  8 |
---------------+-------------------------+-----
Unarmed Combat | 4 5 6 7 8 10 | 10.4
Dodging        | 2 3 |  3.2
Fighting       | 1 |  1.4
Shapeshifting  | 4 |  4.4
Armour         | |  0.8

Action                     |  1- 3 |  4- 6 |  7- 9 || total
---------------------------+-------+-------+-------++-------
  Melee: Unarmed           |    53 |   109 |    74 ||   236
         Punch             |       |     1 |     5 ||     6
Ability: Lunge             |       |       |    10 ||    10
    Use: Scroll            |       |       |     6 ||     6
         Potion            |       |       |     3 ||     3
   Stab: Sleeping          |       |     3 |     1 ||     4
 Armour: Animal skin       |    32 |    56 |    39 ||   127
         Swamp dragon scal |       |       |    44 ||    44
  Dodge: Dodged            |    26 |    43 |    50 ||   119
